 Dungeon Crawl Stone Soup version 0.26.1-11-gd32895ea62 (webtiles) character file.

Game seed: 3638214742684205994

122 Zeld the Digger (level 5, -13/29 HPs)
             Began as a Gargoyle Earth Elementalist on June 14, 2021.
             Mangled by Crazy Yiuf
             ... wielding a +4 quarterstaff of chaos
              (18 damage)
             ... on level 2 of the Dungeon.
             The game lasted 00:02:22 (2301 turns).

Zeld the Digger (Gargoyle Earth Elementalist)       Turns: 2301, Time: 00:02:22

Health: -13/29     AC:  0    Str: 12    XL:     5   Next: 6%
Magic:  3/9        EV: 14    Int: 16    God:
Gold:   131        SH:  0    Dex: 10    Spells: 4/10 levels left

rFire    . . .     SeeInvis .   (weapon currently unavailable)
rCold    . . .     Faith    .   (shield currently unavailable)
rNeg     + . .     Spirit   .   (armour currently unavailable)
rPois    ∞         Reflect  .   (helmet currently unavailable)
rElec    .         Harm     .   (cloak currently unavailable)
rCorr    .         Rampage  .   (gloves currently unavailable)
Will     .....                  (boots currently unavailable)
Stlth    ++........             (no amulet)
HPRegen  0.09/turn              (ring currently unavailable)
MPRegen  0.11/turn              (ring currently unavailable)

@: pig-form, very quick
A: small, negative energy resistance 1, petrification resistance, miasma
immunity, AC +4
a: no special abilities


You were on level 2 of the Dungeon.
You were a filthy swine.
You visited 1 branch of the dungeon, and saw 2 of its levels.

You collected 131 gold pieces.

Inventory:

Missiles
 b - 62 stones (quivered)
Armour
 c - a +0 robe (melded)
 g - a +0 pair of gloves (melded)
 h - a +0 pair of boots (melded)
Scrolls
 a - 2 scrolls of teleportation {unknown}
 e - 4 scrolls of identify {unknown}
 l - a scroll of remove curse {unknown}
Potions
 d - a potion of degeneration {unknown}
 f - 4 potions of curing {unknown}
 i - a potion of heal wounds {unknown}
 j - 2 potions of attraction {unknown}
 k - a potion of berserk rage


   Skills:
 + Level 1.5 Fighting
 + Level 2.1 Dodging
 + Level 2.9 Stealth
 * Level 3.0 Spellcasting
 - Level 1.0 Transmutations
 * Level 4.7 Earth Magic


You had 4 spell levels left.
You knew the following spells:

 Your Spells              Type           Power        Failure   Level
a - Sandblast             Erth           34%          2%          1
b - Passwall              Tmut/Erth      9%           9%          2
c - Stone Arrow           Conj/Erth      18%          22%         3

Your spell library contained the following spells:

 Spells                   Type           Power        Failure   Level
 Petrify                  Tmut/Erth      11%          50%         4
 Lee's Rapid Deconstruct  Erth           8%           58%         5


Dungeon Overview and Level Annotations

Branches:
Dungeon (2/15)

Altars:
Ashenzari

Annotations:
D:2 Crazy Yiuf


Innate Abilities, Weirdness & Mutations

You are resistant to torment.
((Your stone body is resilient. (AC +4)))
You are immune to poison.
You resist negative energy. (rN+)
((You are resistant to electric shocks. (rElec)))
((You can survive without breathing.))
You are immune to petrification.
You are immune to miasma.


Message History

You barely miss Crazy Yiuf.
Crazy Yiuf is almost dead.
Crazy Yiuf hits you with a +4 quarterstaff of chaos.
* * * LOW HITPOINT WARNING * * *
Crazy Yiuf freezes you.
* * * LOW HITPOINT WARNING * * *
Crazy Yiuf closely misses you.
You closely miss Crazy Yiuf.
Crazy Yiuf is almost dead.
Crazy Yiuf closely misses you.
Unknown command.
Press: ? - help, v - describe, . - travel
Here: Crazy Yiuf, wielding a +4 quarterstaff of chaos, wearing a +0 cloak and carrying a wand of polymorph (8) (almost dead, berserk)
The floor.
You aren't carrying any items that you can evoke.
You hit Crazy Yiuf.
Crazy Yiuf is almost dead.
Crazy Yiuf hits you with a +4 quarterstaff of chaos!!
Ouch! That really hurt!
You die...

##### ###### ### #...#
##....## ###..)# ###...##
#.....P####g'...# #.......
#....PP.#.h##...# #.......
#.#....#.### ### #.......
#.######## ###...## #.#
####...# #.#
########.....##
#.##########............##
#............####.####...##
############.# #.# #.#...
#.# #.# #...##


You could see Crazy Yiuf (berserk).

Vanquished Creatures
  Jessica (D:2)
  Natasha (twice) (D:2)
  An adder (D:2)
  A worm (D:2)
  2 leopard geckos (D:1)
  5 bats
  A giant cockroach (D:1)
  6 goblins
  4 hobgoblins
  8 kobolds
  A rat (D:2)
32 creatures vanquished.

Notes
Turn   | Place    | Note
-------+----------+-------------------------------------------
     0 | D:1      | Zeld the Gargoyle Earth Elementalist began the quest for
                  | the Orb.
     0 | D:1      | Reached XP level 1. HP: 10/10 MP: 3/3
   307 | D:1      | Reached XP level 2. HP: 16/16 MP: 1/5
   752 | D:1      | Reached skill level 1 in Transmutations
   787 | D:1      | Learned a level 2 spell: Passwall
   790 | D:1      | Reached skill level 4 in Earth Magic
  1056 | D:2      | Noticed Natasha
  1058 | D:2      | Noticed a crimson imp
  1060 | D:2      | Killed Natasha
  1061 | D:2      | Reached skill level 1 in Fighting
  1061 | D:2      | Reached XP level 3. HP: 20/20 MP: 2/6
  1067 | D:2      | Learned a level 3 spell: Stone Arrow
  1454 | D:2      | Found a broken altar of Ashenzari.
  1721 | D:2      | Reached XP level 4. HP: 25/25 MP: 4/8
  1821 | D:2      | Noticed Jessica
  1822 | D:2      | Killed Jessica
  1930 | D:2      | Noticed Natasha
  1934 | D:2      | Killed Natasha
  1935 | D:2      | Reached XP level 5. HP: 23/29 MP: 6/9
  2149 | D:2      | Found a runed translucent door.
  2150 | D:2      | Noticed Crazy Yiuf
  2301 | D:2      | Mangled by Crazy Yiuf

Illustrated notes

Levels and vault maps discovered:
D:1:      minmay_arrival_glassed_features, layout_loops_ring, amethyst_killhole,
          wad_floor_pattern_untrapped
D:2:      layout_loops_ring, lemuel_coloured_pillars_altar,
          kennysheep_generic_room_3, uniq_jessica, uniq_natasha,
          uniq_crazy_yiuf_cottage

Skill      XL: |  1  2  3  4  5 |
---------------+----------------+-----
Transmutations | 1 |  1.0
Earth Magic    | 4 |  4.7
Fighting       | 1 |  1.5
Dodging        | 2 |  2.1
Spellcasting   | 3 |  3.0
Stealth        | |  2.9

Action                   |  1- 3 |  4- 6 || total
-------------------------+-------+-------++-------
Melee: Unarmed           |    15 |     4 ||    19
 Cast: Sandblast         |    34 |    17 ||    51
Armor: Robe              |     8 |     1 ||     9
Dodge: Dodged            |    23 |     8 ||    31
